 Dungeon Crawl Stone Soup version 0.31-a0-188-g5e087ee2ca (webtiles) character file.

Game seed: 11148738454575771619

203 qw the Skirmisher (level 5, -2/30 HPs)
             Began as a Deep Elf Hunter on June 23, 2023.
             Splashed by a jelly's acid (7 damage)
             ... on level 4 of the Dungeon.
             The game lasted 00:01:08 (2832 turns).

qw the Skirmisher (Deep Elf Hunter)                 Turns: 2832, Time: 00:01:08

Health: -2/30      AC: -2    Str: 10    XL:     5   Next: 51%
Magic:  7/7        EV: 11    Int: 14    God:
Gold:   218        SH:  0    Dex: 18    Spells: 4/4 levels left

rFire   . . .        Y - +1 shortbow
rCold   . . .        (shield currently unavailable)
rNeg    . . .        j - +0 ring mail {rPois}
rPois   +            (no helmet)
rElec   .            (no cloak)
rCorr   .            (no gloves)
SInv    .            c - +0 pair of boots
Will    .....        (no amulet)
Stlth   +            (no ring)
HPRegen 0.25/turn    (no ring)
MPRegen 0.10/turn

%: no passive effects
@: about to teleport, corroded
A: no striking features
a: no special abilities


You were on level 4 of the Dungeon.
You visited 1 branch of the dungeon, and saw 4 of its levels.

You collected 218 gold pieces.


   Skills:
 + Level 1.6 Fighting
 - Level 9.0 Ranged Weapons
 - Level 2.4 Dodging
 - Level 1.2 Stealth


You had 4 spell levels left.
You didn't know any spells.
Your spell library was empty.

Inventory:

Hand Weapons
 Y - a +1 shortbow (weapon)
Armour
 c - a +0 pair of boots (worn)
 e - a +2 pair of gloves
 j - a +0 ring mail of poison resistance (worn)
Scrolls
 a - 2 scrolls of teleportation
 g - 3 scrolls of identify
Potions
 b - 2 potions of curing
 d - a potion of enlightenment

Dungeon Overview and Level Annotations

Branches:
Dungeon (4/15)
 Temple: D:4-7

Altars:
Gozag

Annotations:
D:3 3 runed translucent doors, qw's ghost, amateur DEHu


Message History

A jelly comes into view.
The hound moves out of view.
Enter note:
Enter note:
Enter note:
Enter note: You shoot an arrow.
The arrow hits the jelly.
The jelly is lightly wounded.
You shoot an arrow. The arrow closely misses the hound.
You shoot an arrow.
The arrow hits the hound but does no damage.
The hound bites you. x2
You shoot an arrow. The arrow barely misses the hound.
The hound bites you but does no damage. The hound barely misses you.
You shoot an arrow. The arrow closely misses the hound.
The hound bites you.
You shoot an arrow. The arrow misses the hound.
The hound closely misses you. The hound bites you but does no damage.
You shoot an arrow. The arrow hits the jelly.
The jelly is moderately wounded.
The hound bites you. The jelly completely misses you.
The hound bites you but does no damage.
You shoot an arrow. The arrow hits the jelly!
The jelly is severely wounded.
The jelly hits you. The acid corrodes you!
You are splashed with acid!
The hound misses you.
You shoot an arrow. The arrow completely misses the jelly.
You hear the slow hiss of a distant avalanche of sand.
The hound bites you but does no damage. The jelly hits you but does no damage.
The hound bites you.
2831 ||| READING 3 scrolls of teleportation.
As you read the scroll of teleportation, it crumbles to dust.
You feel strangely unstable. The jelly barely misses you.
The hound barely misses you.
You shoot an arrow.
The arrow hits the jelly but does no damage.
The jelly is severely wounded.
The hound barely misses you. The jelly hits you. The acid corrodes you!
You are splashed with acid!
You die...

..# .# ..# ..##
#............ ..##....
.......#.#.# ........
####........... ........
#.#.........#.#
.......##...............
.....%.....#...........#
...........#.....J......
...........##...@h#
.(.........#.....##
................###
.............#....#
...<.....#..>#....#.##
.........#...#.......#
#...[....#..........##
#...........##..##.##
..##....##..##.....#


You could see a hound and a jelly.

Vanquished Creatures
  An orc priest (D:3)
  Jessica (D:3)
  8 adders
  3 worms
  A dart slug (D:4)
  6 orcs (D:3)
  5 ball pythons
  5 endoplasms
  A giant cockroach (D:4)
  5 goblins
  7 hobgoblins
  4 kobolds
  2 quokkas (D:3)
  5 bats
  3 frilled lizards (D:1)
  5 rats
62 creatures vanquished.

Notes
Turn   | Place    | Note
-------+----------+-------------------------------------------
     0 | D:1      | qw the Deep Elf Hunter began the quest for the Orb.
     0 | D:1      | Reached XP level 1. HP: 12/12 MP: 3/3
     0 | D:1      | 0 ||| qw: Version: 0.3-a-9-g12657ce
     0 | D:1      | 0 ||| qw: Game counter: 4319
     0 | D:1      | 0 ||| qw: Always use a shield: true
     0 | D:1      | 0 ||| qw: God list: Okawaru
     0 | D:1      | 0 ||| qw: Allow faded altars: false
     0 | D:1      | 0 ||| qw: Do Orc after D:15 true
     0 | D:1      | 0 ||| qw: Do second Lair branch before Depths: true
     0 | D:1      | 0 ||| qw: Lair rune preference: random
     0 | D:1      | 0 ||| qw: Plans: Normal
     0 | D:1      | 0 ||| PLANNING D:1-11
   118 | D:1      | Reached skill level 6 in Ranged Weapons
   118 | D:1      | Reached XP level 2. HP: 16/16 MP: 4/4
   543 | D:1      | 543 ||| READING 2 scrolls labelled MYZXEE SAANOI.
   548 | D:1      | 548 ||| READING scroll labelled VILOOS JAMAO.
   549 | D:1      | 549 ||| READING 4 scrolls labelled ILUNLA QUOHEN.
   550 | D:1      | 550 ||| READING scroll labelled VOUTEO WOCKE.
   551 | D:1      | 551 ||| READING 3 scrolls of identify.
   551 | D:1      | 551 ||| IDENTIFYING bubbling emerald potion
   552 | D:1      | 552 ||| DROPPING scroll of butterflies.
   570 | D:2      | Identified the staff of the Warrior {rElec rN+ Str+3 Necro}
   929 | D:2      | Reached XP level 3. HP: 20/20 MP: 5/5
   991 | D:2      | Reached skill level 7 in Ranged Weapons
  1124 | D:2      | 1124 ||| FLEEEEING.
  1234 | D:2      | 1234 ||| FLEEEEING.
  1306 | D:2      | Reached XP level 4. HP: 19/25 MP: 6/6
  1496 | D:2      | 1496 ||| UPGRADING to +0 ring mail of poison resistance.
  1506 | D:2      | 1506 ||| DROPPING +0 leather armour.
  1507 | D:2      | 1507 ||| DROPPING ring of flight.
  1508 | D:2      | 1508 ||| DROPPING ring of magical power.
  1509 | D:2      | 1509 ||| DRINKING 2 smoky golden potions.
  1510 | D:2      | 1510 ||| READING 4 scrolls of identify.
  1510 | D:2      | 1510 ||| IDENTIFYING murky golden potion
  1511 | D:2      | 1511 ||| READING 3 scrolls of identify.
  1511 | D:2      | 1511 ||| IDENTIFYING fizzy silvery potion
  1512 | D:2      | 1512 ||| DROPPING potion of ambrosia.
  1513 | D:2      | 1513 ||| DROPPING potion of brilliance.
  1551 | D:3      | Noticed Jessica
  1553 | D:3      | Killed Jessica
  1625 | D:3      | Reached skill level 8 in Ranged Weapons
  1671 | D:3      | 1671 ||| FLEEEEING.
  1673 | D:3      | 1673 ||| FLEEEEING.
  1773 | D:3      | Found a runed translucent gate.
  1774 | D:3      | Found a runed translucent gate.
  1775 | D:3      | Found an opulent altar of Gozag.
  1775 | D:3      | Found a runed translucent gate.
  1777 | D:3      | Noticed qw's ghost (amateur DEHu)
  1809 | D:3      | 1809 ||| FLEEEEING.
  1815 | D:3      | 1815 ||| FLEEEEING.
  1816 | D:3      | 1816 ||| FLEEEEING.
  2077 | D:3      | Reached XP level 5. HP: 29/29 MP: 7/7
  2131 | D:3      | 2131 ||| FLEEEEING.
  2132 | D:3      | 2132 ||| FLEEEEING.
  2133 | D:3      | 2133 ||| FLEEEEING.
  2134 | D:3      | 2134 ||| FLEEEEING.
  2138 | D:3      | 2138 ||| FLEEEEING.
  2139 | D:3      | 2139 ||| FLEEEEING.
  2141 | D:3      | 2141 ||| FLEEEEING.
  2142 | D:3      | 2142 ||| FLEEEEING.
  2143 | D:3      | 2143 ||| FLEEEEING.
  2144 | D:3      | 2144 ||| FLEEEEING.
  2145 | D:3      | 2145 ||| FLEEEEING.
  2146 | D:3      | 2146 ||| FLEEEEING.
  2148 | D:3      | 2148 ||| FLEEEEING.
  2149 | D:3      | 2149 ||| FLEEEEING.
  2152 | D:3      | 2152 ||| FLEEEEING.
  2153 | D:3      | 2153 ||| FLEEEEING.
  2156 | D:3      | 2156 ||| FLEEEEING.
  2157 | D:3      | 2157 ||| FLEEEEING.
  2158 | D:3      | 2158 ||| FLEEEEING.
  2160 | D:3      | 2160 ||| FLEEEEING.
  2161 | D:3      | 2161 ||| FLEEEEING.
  2162 | D:3      | 2162 ||| FLEEEEING.
  2163 | D:3      | 2163 ||| FLEEEEING.
  2165 | D:3      | 2165 ||| FLEEEEING.
  2166 | D:3      | 2166 ||| FLEEEEING.
  2169 | D:3      | 2169 ||| FLEEEEING.
  2170 | D:3      | 2170 ||| FLEEEEING.
  2171 | D:3      | 2171 ||| FLEEEEING.
  2173 | D:3      | 2173 ||| FLEEEEING.
  2174 | D:3      | 2174 ||| FLEEEEING.
  2373 | D:3      | Reached skill level 9 in Ranged Weapons
  2608 | D:3      | 2608 ||| UPGRADING to +0 pair of boots.
  2613 | D:3      | 2613 ||| READING scroll labelled WUSHEXZ JIHAWO.
  2614 | D:3      | 2614 ||| READING scroll labelled IPIROFFAYPU.
  2715 | D:3      | 2715 ||| READING scroll labelled OPRESCH BACEBB.
  2732 | D:4      | 2732 ||| PLANNING OSSUARY
  2830 | D:4      | HP: 5/30 [hound (3)]
  2831 | D:4      | 2831 ||| READING 3 scrolls of teleportation.
  2832 | D:4      | Splashed by a jelly's acid

Levels and vault maps discovered:
D:1:      dpeg_arrival_pond, layout_loops_ring, minmay_split_cup_large
D:2:      layout_loops_ring, minmay_misc_feat_iff, kennysheep_boxes
D:3:      layout_basic, ebering_ghost_gozag, uniq_jessica
D:4:      layout_cave_pools, lemuel_crystal_altar, nicolae_ossuary_entry_giza,
          hangedman_decor_riveting

Skill      XL: |  1  2  3  4  5 |
---------------+----------------+-----
Ranged Weapons | 6 7 8 9 |  9.0
Fighting       | |  1.6
Dodging        | |  2.4
Stealth        | |  1.2

Action                     |  1- 3 |  4- 6 || total
---------------------------+-------+-------++-------
   Fire: Shortbow          |   103 |   124 ||   227
    Use: Scroll            |     5 |     6 ||    11
         Potion            |       |     1 ||     1
 Armour: Leather armour    |     4 |       ||     4
         Ring mail         |       |    20 ||    20
  Dodge: Dodged            |    25 |    30 ||    55

Table legend:
 A = Non-vault XP
 B = Vault XP
 C = Vault XP percentage of total XP
 D = Non-vault monster count
 E = Vault monster count
 F = Vault count percentage of total count
                 A         B        C        D         E       F
            +---------+---------+-------+---------+---------+-------
      Total |     248 |      43 |  14.8 |      57 |       5 |   8.1
            +---------+---------+-------+---------+---------+-------
        D:1 |      15 |       6 |  28.6 |      10 |       4 |  28.6
        D:2 |      85 |       0 |   0.0 |      19 |       0 |   0.0
        D:3 |     139 |      37 |  21.0 |      24 |       1 |   4.0
        D:4 |       9 |       0 |   0.0 |       4 |       0 |   0.0
            +---------+---------+-------+---------+---------+-------
